 Seeded DCSS version 0.25-a0-185-g6cfeca7 (webtiles) character file.

Game seed: 4455379994417096573, levelgen mode: deterministic

2847608 Anathematize the Slayer (level 27, 276/278 HPs)
             Began as a Merfolk Warper on Nov 24, 2019.
             Was the Champion of Hepliaklqana.
             Escaped with the Orb
             ... and 5 runes on Nov 27, 2019!
             The game lasted 08:11:00 (83900 turns).

Anathematize the Slayer (Merfolk Warper)           Turns: 83900, Time: 08:11:01

Health: 276/278    AC: 35    Str: 15    XL:     27
Magic:  20/34      EV: 33    Int: 23    God:    Hepliaklqana [******]
Gold:   4410       SH:  0    Dex: 18    Spells: 2/48 levels left

rFire    + . .     SeeInvis .   q - +7 lajatang of Order {silver, rMut}
rCold    + . .     Gourm    +   (shield currently unavailable)
rNeg     + + +     Faith    .   (armour currently unavailable)
rPois    ∞         Spirit   .   x - +2 helmet
rElec    +         Reflect  .   U - +2 cloak
rCorr    .         Harm     .   (gloves currently unavailable)
rMut     +                      (boots currently unavailable)
MR       ++++.                  m - amulet of Ytiufo {Gourm rElec rN+ MR++ Dex-3}
Stlth    +++.......             F - ring of Jewn {rC+ EV+2}
HPRegen  0.56/turn              V - ring of Doumog {rF+ rN+ Int+3 Dex+6}
MPRegen  0.24/turn

@: statue-form, very slow
A: (change form in water), (swift swim), (stealthy swim), reduced essence, low
mp 1, mutation resistance 1
0: Orb of Zot
}: 5/15 runes: decaying, slimy, silver, abyssal, gossamer
a: End Transformation, Recall Ancestor, Ancestor Identity, Transference,
Idealise, Renounce Religion


You escaped.
You worshipped Hepliaklqana.
Hepliaklqana was exalted by your worship.
You were full.
You were a stone statue.
You visited 11 branches of the dungeon, and saw 55 of its levels.
You visited the Abyss 1 time.
You also visited: Trove, Ice Cave and Volcano.

You collected 9294 gold pieces.
You spent 4884 gold pieces at shops.

Inventory:

Hand Weapons
 q - the +7 lajatang of Order (weapon) {silver, rMut}
   (You bought it in a shop on level 12 of the Dungeon)

   It protects you from mutation.
 w - a +9 glaive of chopping
Missiles
 e - 31 curare-tipped darts (quivered)
 E - 3 throwing nets
Armour
 a - a +2 cloak of magic resistance
 b - the +3 pair of boots of the Ecumenical Temple (melded) {rF++}
   (You found it on level 9 of the Dungeon)

   It greatly protects you from fire.
 j - a +2 pair of gloves of archery (melded)
 x - a +2 helmet (worn)
 G - the +6 ring mail "Zupisea" (melded) {Int+6 SInv}
   (You found it on level 15 of the Dungeon)

   It affects your intelligence (+6).
   It lets you see invisible.
 U - a +2 cloak (worn)
Jewellery
 g - a ring of the Octopus King {AC+1 EV+1 Str+1 Int+1 Dex+1 SInv}
   (You found it on level 2 of the Depths)

   [ring of see invisible]

   It affects your AC (+1).
   It affects your evasion (+1).
   It affects your strength (+1).
   It affects your intelligence (+1).
   It affects your dexterity (+1).
   It lets you see invisible.
 m - the amulet of Ytiufo (around neck) {Gourm rElec rN+ MR++ Dex-3}
   (You found it in an ice cave)

   [amulet of the gourmand]

   It allows you to eat raw meat even when not hungry.
   It affects your dexterity (-3).
   It insulates you from electricity.
   It protects you from negative energy.
   It affects your resistance to hostile enchantments.
 r - the ring of Hedwent {rPois Int+5 Stlth+}
   (You found it on level 3 of the Spider Nest)

   [ring of intelligence]

   It affects your intelligence (+5).
   It protects you from poison.
   It makes you more stealthy.
 y - the ring of Ciutaer {-Tele rCorr Str+7}
   (You took it off a death knight on level 5 of the Vaults)

   [ring of resist corrosion]

   It affects your strength (+7).
   It prevents most forms of teleportation.
   It provides partial protection from all sources of acid and corrosion.
 D - a +6 ring of protection
 F - the ring of Jewn (left hand) {rC+ EV+2}
   (You found it on level 2 of the Depths)

   [ring of evasion]

   It affects your evasion (+2).
   It protects you from cold.
 K - an uncursed amulet of regeneration
 T - an uncursed ring of resist corrosion
 V - the ring of Doumog (right hand) {rF+ rN+ Int+3 Dex+6}
   (You found it on level 3 of the Lair of Beasts)

   [ring of protection from fire]

   It affects your intelligence (+3).
   It affects your dexterity (+6).
   It protects you from fire.
   It protects you from negative energy.
Wands
 i - a wand of digging (13)
 s - a wand of acid (22)
Scrolls
 c - 12 scrolls of amnesia
 d - 6 scrolls of enchant armour
 n - 4 scrolls of vulnerability
 o - 3 scrolls of holy word
 p - 10 scrolls of blinking
 t - 5 scrolls of enchant weapon
 z - 5 scrolls of fog
 C - 9 scrolls of identify
 I - 8 scrolls of immolation
 M - 3 scrolls of magic mapping
 O - 20 scrolls of fear
 Q - 25 scrolls of remove curse
 S - 3 scrolls of silence
 X - a scroll of summoning
 Y - 10 scrolls of teleportation
Potions
 h - 10 potions of magic
 k - a potion of invisibility
 l - 6 potions of resistance
 u - 6 potions of haste
 v - 7 potions of heal wounds
 A - 4 potions of cancellation
 B - 15 potions of might
 H - 6 potions of agility
 J - 4 potions of berserk rage
 L - 4 potions of mutation
 N - 20 potions of curing
 P - 10 potions of brilliance
 R - 4 potions of ambrosia
 W - 15 potions of flight
 Z - 4 potions of lignification
Comestibles
 f - 102 rations


   Skills:
 + Level 24.2 Fighting
   Level 1.5(8.5) Axes
 - Level 19.9(22.4) Polearms
 - Level 11.7(14.0) Staves
 - Level 6.0 Throwing
 - Level 7.0 Armour
 - Level 23.1 Dodging
 - Level 20.0 Stealth
 - Level 11.0 Spellcasting
 - Level 12.5 Hexes
 - Level 10.0 Charms
 - Level 10.0 Necromancy
 - Level 7.0 Translocations
 - Level 12.6 Transmutations
 - Level 5.2 Air Magic
 - Level 12.5 Earth Magic
 * Level 20.4 Invocations


You had 2 spell levels left.
You knew the following spells:

 Your Spells              Type           Power        Failure   Level  Hunger
a - Apportation           Tloc           #####.       1%          1    None
b - Blink                 Tloc           N/A          1%          2    None
c - Confuse               Hex            ######..     1%          3    None
d - Tukima's Dance        Hex            ######..     1%          3    None
e - Spectral Weapon       Hex/Chrm       ######..     1%          3    None
g - Shroud of Golubria    Chrm/Tloc      ######       1%          2    None
i - Invisibility          Hex            ######..     4%          6    #####..
l - Silence               Hex/Air        ######....   3%          5    ####...
p - Passwall              Tmut/Erth      ######..     1%          2    None
r - Regeneration          Chrm/Necr      ######....   1%          3    None
s - Statue Form           Tmut/Erth      ######...    4%          6    #####..
t - Confusing Touch       Hex            ######       1%          1    None
u - Sublimation of Blood  Necr           ######....   1%          2    None
v - Borgnjor's Vile Clut  Necr/Erth      ######....   1%          5    ####...
w - Swiftness             Chrm/Air       #####...     1%          2    None

Your spell library contained the following spells:

 Spells                   Type           Power        Failure   Level  Hunger
 Animate Skeleton         Necr           N/A          1%          1    None
 Beastly Appendage        Tmut           ######       1%          1    None
 Corona                   Hex            ######.      1%          1    None
 Infusion                 Chrm           ####         1%          1    None
 Pain                     Necr           ####         1%          1    None
 Sandblast                Erth           ######       1%          1    None
 Shock                    Conj/Air       ###.         1%          1    None
 Corpse Rot               Necr           N/A          1%          2    None
 Ensorcelled Hibernation  Hex/Ice        #####.       1%          2    None
 Slow                     Hex            ######..     1%          2    None
 Song of Slaying          Chrm           ######..     1%          2    None
 Sticks to Snakes         Tmut           ######..     1%          2    None
 Poisonous Vapours        Pois/Air       ###...       2%          2    None
 Freeze                   Ice            ##..         4%          1    None
 Magic Dart               Conj           ##..         4%          1    None
 Sting                    Conj/Pois      ##..         4%          1    None
 Summon Butterflies       Summ           ##......     4%          1    None
 Summon Small Mammal      Summ           ##..         4%          1    None
 Call Imp                 Summ           ##......     8%          2    None
 Searing Ray              Conj           ##....       8%          2    None
 Throw Frost              Conj/Ice       ##....       8%          2    None
 Dazzling Spray           Conj/Hex       #####.       1%          3    None
 Gell's Gravitas          Tloc           #####.....   1%          3    None
 Inner Flame              Hex/Fire       #####...     1%          3    None
 Lesser Beckoning         Tloc           #####.....   1%          3    None
 Ozocubu's Armour         Chrm/Ice       #####...     1%          3    None
 Portal Projectile        Hex/Tloc       ######       1%          3    None
 Spider Form              Tmut/Pois      #####.....   1%          3    None
 Stone Arrow              Conj/Erth      #####.       1%          3    None
 Teleport Other           Tloc           #####...     1%          3    None
 Vampiric Draining        Necr           ######....   1%          3    None
 Animate Dead             Necr           N/A          1%          4    None
 Cause Fear               Hex            ######....   1%          4    None
 Leda's Liquefaction      Hex/Erth       ######....   1%          4    None
 Petrify                  Tmut/Erth      ######..     1%          4    None
 Blade Hands              Tmut           ######....   1%          5    ####...
 Lee's Rapid Deconstruct  Erth           ######....   1%          5    ####...
 Yara's Violent Unravell  Hex/Tmut       ######....   1%          5    ####...
 Agony                    Necr           ######..     2%          5    ####...
 Dispel Undead            Necr           ######..     2%          5    ####...
 Excruciating Wounds      Chrm/Necr      ######....   2%          5    ####...
 Recall                   Summ/Tloc      N/A          3%          3    None
 Fulminant Prism          Conj/Hex       #####.....   3%          4    None
 Ice Form                 Ice/Tmut       #####...     3%          4    None
 Darkness                 Hex            ######....   4%          6    #####..
 Hydra Form               Tmut           ######....   4%          6    #####..
 Static Discharge         Conj/Air       ###.....     5%          3    None
 Airstrike                Air            #####.....   6%          4    None
 Mephitic Cloud           Conj/Pois/Air  ###.....     8%          3    None
 Alistair's Intoxication  Tmut/Pois      #####...     11%         5    ####...
 Metabolic Englaciation   Hex/Ice        #####.....   11%         5    ####...
 Summon Mana Viper        Hex/Summ       #####...     11%         5    ####...
 Force Lance              Conj/Tloc      ####....     12%         4    None
 Death Channel            Necr           ######....   13%         6    #####..
 Call Canine Familiar     Summ           ##......     16%         3    None
 Conjure Flame            Conj/Fire      ##......     16%         3    None
 Summon Lightning Spire   Summ/Air       ###.....     17%         4    None
 Bolt of Draining         Conj/Necr      #####.....   19%         5    ####...
 Iskenderun's Battlesphe  Conj/Chrm      #####...     19%         5    ####...
 Bolt of Magma            Conj/Fire/Erth ####......   26%         5    ####...
 Summon Forest            Summ/Tloc      ####......   32%         5    ####...
 Deflect Missiles         Chrm/Air       #####.....   34%         6    #####..
 Dispersal                Tloc           #####.....   41%         6    #####..
 Lightning Bolt           Conj/Air       ###.......   43%         5    ####...
 Iskenderun's Mystic Bla  Conj           ##......     45%         4    None
 Olgreb's Toxic Radiance  Pois           ##......     45%         4    None
 Summon Ice Beast         Ice/Summ       ##......     45%         4    None
 Throw Icicle             Conj/Ice       ##......     45%         4    None
 Iron Shot                Conj/Erth      #####.....   52%         6    #####..
 Simulacrum               Ice/Necr       #####.....   69%         6    #####..
 Venom Bolt               Conj/Pois      ##........   80%         5    ####...
 Conjure Ball Lightning   Conj/Air       ###.......   95%         6    #####..
 Necromutation            Tmut/Necr      ######....   97%         8    #######
 Freezing Cloud           Conj/Ice/Air   ###.......   98%         6    #####..
 Haunt                    Necr/Summ      #####.....   99%         7    #######
 Ring of Flames           Chrm/Fire      #####.....   99%         7    #######
 Borgnjor's Revivificati  Necr           ######....   99%         8    #######
 Death's Door             Chrm/Necr      ######....   99%         8    #######
 Infestation              Necr           ######....   99%         8    #######
 Malign Gateway           Summ/Tloc      ####......   100%        7    #######
 Monstrous Menagerie      Summ           ##........   100%        7    #######
 Orb of Destruction       Conj           ##........   100%        7    #######
 Spellforged Servitor     Conj/Summ      ##........   100%        7    #######
 Summon Greater Demon     Summ           ##........   100%        7    #######
 Summon Hydra             Summ           ##........   100%        7    #######
 Controlled Blink         Tloc           N/A          100%        8    #######
 Disjunction              Tloc           #####.....   100%        8    #######
 Summon Horrible Things   Summ           ##........   100%        8    #######
 Shatter                  Erth           ######....   100%        9    #######
 Tornado                  Air            #####.....   100%        9    #######
 Passage of Golubria      Tloc           Unusable     N/A         4    N/A

Dungeon Overview and Level Annotations

Branches:
Dungeon (15/15)            Temple (1/1) D:4            Lair (6/6) D:9
  Swamp (4/4) Lair:3       Spider (4/4) Lair:4        Slime (5/5) Lair:6
    Orc (2/2) D:9             Elf (3/3) Orc:2        Vaults (5/5) D:13
  Crypt (0/3) Vaults:3     Depths (5/5) D:15            Zot (5/5) Depths:5
  IceCv (visited)         Volcano (visited)

Altars:
Ashenzari
Cheibriados
Dithmenos
Elyvilon
Fedhas
Gozag
Hepliaklqana
Kikubaaqudgha
Makhleb
Nemelex Xobeh
Okawaru
Qazlal
Ru
Sif Muna
Trog
Uskayaw
Vehumet
Wu Jian
Xom
Yredelemnul
Zin
The Shining One
Beogh
Jiyva

Shops:
D:9 [   D:12 *!(}   D:14 !   Orc:1 =   Orc:2 }(}:   Vaults:5 %!!   Zot:4 *
Depths:2 ==:   Depths:3 =}}[[   Depths:4 [   Depths:5 *%:

Portals:
Hell: Depths:1 Depths:2 Depths:3 Depths:4 Depths:5
Abyss: Depths:4 Depths:5
Pandemonium: Depths:3
Ziggurat: Depths:4

Annotations:
D:3 exclusion: downstairs
D:4 exclusion: upstairs
D:5 exclusion: 2 downstairs
D:7 exclusion: downstairs
D:11 exclusion: downstairs
D:12 exclusion: 2 downstairs
D:15 1 runed translucent door
Slime:3 Dissolution
Slime:4 exclusion: upstairs
Vaults:4 exclusions: upstairs and 1 more exclusion
Vaults:5 2 exclusions
Depths:3 exclusion: downstairs
Depths:4 exclusions: downstairs and 1 more exclusion
Zot:5 1 exclusion


Innate Abilities, Weirdness & Mutations

((You revert to your normal form in water.))
((You are very nimble and swift while swimming.))
((You are very stealthy in the water. (Stealth+)))
Your life essence is reduced to manifest your ancestor. (-10% HP)
Your magical capacity is low. (-10% MP)
You are somewhat resistant to further mutation.


Message History

Propane Nightmare hits the eye of draining with a +0 broad axe of speed!
The eye of draining dies!
An orange demon comes into view.
The orange demon misses you. The orange demon completely misses you.
There is an open door here.
The orange demon misses you.
There is a staircase leading out of the dungeon here.
q - the +7 lajatang of Order (weapon)
{silver, rMut}
Casting: Passwall (safe; 1% risk of failure)
Confirm with . or Enter, or press ? or * to list all spells.
You turn into a living statue of rough stone.
Your +2 pair of gloves of archery melds into your body.
The +3 pair of boots of the Ecumenical Temple {rF++} melds into your body.
The +6 ring mail "Zupisea" {Int+6 SInv} melds into your body.
Your aim is not that steady anymore.
The orange demon completely misses you. The orange demon stings you from afar.
Propane Nightmare hits the orange demon with a +0 broad axe of speed!!
The orange demon misses you.
You have escaped!

♣♣♣ ################### ## ♣♣.♣♣
#....#...8...#....# .# #♣♣...♣
#.8R4'.8...8.#..⌠.# .# ♣....♣♣
#....#...⌠...#....# .#
♣♣...♣♣♣#....#.8...8.'....# .#
♣♣.....♣###..#.......#..### .#
#♣.......♣♣####..8.8..#### .#
###.........♣♣♣ #....)..# ♣♣♣ .#
#.............♣♣###...###♣♣.♣#
.###)######♣♣♣....♣.♣#'''#♣.♣...#
....># ###...............♣#


You could see the friendly Propane Nightmare the knight and an orange demon.

Vanquished Creatures
  3 orbs of fire (Zot:5)
  3 ancient liches (Zot:5)
  A pandemonium lord (D:13)
  7 Killer Klowns
  9 golden dragons
  3 curse toes
  Saint Roka (Depths:2)
  3 electric golems
  12 tentacled monstrosities
  An Ice Fiend (IceCv)
  4 liches
  A deep elf blademaster (Elf:3)
  6 titans
  20 Orb Guardians
  A deep elf master archer (Elf:3)
  6 quicksilver dragons
  18 acid blobs
  4 tentacled starspawn (Abyss:3)
  2 sphinxes
  4 death cobs
  4 tengu reavers
  2 thorn hunters (Swamp:4)
  6 shadow dragons
  Kirke (Swamp:4)
  7 fire giants
  A frost giant (shapeshifter) (Vaults:5)
  13 storm dragons
  10 draconian monks
  3 draconian scorchers
  2 iron dragons (Depths:4)
  8 azure jellies
  12 vault wardens
  9 frost giants
  3 draconian knights
  5 deep elf sorcerers
  An emperor scorpion (Spider:4)
  9 draconian shifters
  6 ghost moths
  3 spriggan defenders
  4 deep elf elementalists (Elf:3)
  A draconian stormcaller (Zot:1)
  8 ironheart preservers
  3 draconian annihilators
  3 war gargoyles (Vaults:5)
  13 very ugly things
  17 stone giants
  3 vampire knights
  3 entropy weavers
  3 deep elf annihilators
  6 black draconians
  5 deep elf demonologists
  9 green draconians
  4 purple draconians
  9 white draconians
  A spark wasp (shapeshifter) (Vaults:5)
  13 red draconians
  7 yellow draconians
  2 merfolk javelineers
  A blizzard demon (Depths:3)
  10 spark wasps
  2 deep elf death magi (Elf:3)
  7 ettins
  A merfolk impaler (Depths:4)
  9 fire dragons
  3 deep elf high priests
  6 ogre magi
  A death ooze (Slime:5)
  7 great orbs of eyes
  23 vault guards
  11 yaktaur captains
  3 rakshasas
  12 hydras
  10 ice dragons
  A shambling mangrove (Swamp:4)
  13 centaur warriors
  2 ghost crabs (Swamp:4)
  A spriggan air mage (Depths:4)
  A naga warrior (Abyss:3)
  4 death yaks
  24 dancing weapons
  20 two-headed ogres
  6 death knights
  3 deep troll shamans
  10 alligators
  A vampire mage (Depths:3)
  5 deep troll earth magi
  7 tengu warriors
  3 orc high priests
  A sun demon (Depths:3)
  5 thrashing horrors
  2 hell knights
  6 spriggan berserkers
  Urug (D:13)
  The ghost of Kaece the Destroyer, a novice TeFE of Vehumet (Lair:1)
  Sonja (D:11)
  7 spriggans
  14 deep elf knights
  3 wretched stars (Abyss:3)
  A sixfirhy (Abyss:3)
  30 deep trolls
  2 iron trolls (D:15)
  2 skeletal warriors (D:10)
  A glowing orange brain (Depths:4)
  A spriggan druid (Elf:1)
  A spatial maelstrom (Abyss:3)
  4 unseen horrors
  5 swamp dragons
  An orange crystal statue (Zot:5)
  5 flayed ghosts
  8 harpies
  8 deep elf archers
  5 wizards
  8 ironbrand convokers
  17 wolf spiders
  10 orb spiders
  4 shining eyes
  5 necromancers
  3 phantasmal warriors
  36 deep elf magi
  2 manticores
  29 ugly things
  11 cyclopes
  15 orc knights
  2 orc sorcerers
  A shining eye (shapeshifter) (Vaults:1)
  A sphinx zombie (Depths:1)
  5 oklob plants
  An elephant (shapeshifter) (Depths:3)
  7 elephants (Lair:6)
  A black mamba (Lair:6)
  A cyclops (shapeshifter) (Depths:5)
  A black mamba (shapeshifter) (Depths:1)
  2 molten gargoyles (Volcano)
  19 moths of wrath
  5 vault sentinels
  An eye of devastation (shapeshifter) (Vaults:2)
  4 smoke demons
  A torpor snail (shapeshifter) (Vaults:5)
  6 guardian serpents
  3 eyes of devastation
  A spiny frog (shapeshifter) (D:11)
  A gargoyle (D:12)
  A water nymph (shapeshifter) (Vaults:1)
  3 torpor snails
  A yaktaur zombie (Depths:1)
  An orange demon (Abyss:3)
  18 spiny frogs
  2 centaur skeletons
  2 apocalypse crabs (Abyss:3)
  A kobold demonologist (Abyss:3)
  2 elf zombies
  36 yaktaurs
  3 swamp worm zombies (Swamp:4)
  A rime drake (Lair:4)
  2 komodo dragons
  4 hellwings
  An anaconda simulacrum (IceCv)
  2 hydra zombies (Swamp:4)
  2 silent spectres (Abyss:3)
  A human skeleton (Vaults:1)
  A hellion (D:14)
  9 freezing wraiths
  An ancient zyme (Abyss:1)
  7 demonic crawlers
  2 ice devils (IceCv)
  17 jumping spiders
  A meliai (D:13)
  5 tengu conjurers
  15 hornets
  4 polar bears
  A troll (shapeshifter) (Depths:2)
  4 tyrant leeches
  5 trolls
  A raiju (shapeshifter) (Vaults:2)
  12 raiju (Abyss:3)
  A wind drake (shapeshifter) (D:15)
  93 slime creatures
  2 alligator zombies (Swamp:4)
  A harpy skeleton (D:12)
  A human simulacrum (Vaults:1)
  2 spectral swamp dragons (Swamp:4)
  6 bog bodies
  7 dream sheep (Lair:6)
  10 blink frogs
  4 hippogriffs
  A hippogriff (shapeshifter) (Abyss:3)
  A tarantella (shapeshifter) (D:15)
  9 water elementals
  An air elemental (Elf:2)
  A vampire (D:13)
  21 tarantellas
  59 redbacks
  A shadow (D:11)
  2 wraiths
  5 fire elementals (Elf:2)
  4 wyverns
  A yak (shapeshifter) (Depths:1)
  2 ynoxinuls (Depths:3)
  28 yaks
  A fire bat (Volcano)
  9 golden eyes
  A hog (Swamp:4)
  10 humans (D:13)
  3 small abominations (Abyss:3)
  2 steam dragons
  2 basilisks (shapeshifter) (Vaults:2)
  A death yak simulacrum (IceCv)
  18 vampire mosquitoes
  7 swamp worms
  3 spatial vortices (Abyss:3)
  20 insubstantial wisps
  3 wargs
  2 harpy simulacra (IceCv)
  3 nagas (Abyss:3)
  2 soldier ants (shapeshifter)
  An iron troll simulacrum (IceCv)
  Duvessa (D:7)
  5 water moccasins
  A hydra simulacrum (IceCv)
  3 floating eyes (Depths:2)
  A soldier ant (D:13)
  A hornet zombie (D:15)
  6 porcupines
  3 swamp drakes
  45 orc warriors
  2 black bears
  An alligator simulacrum (IceCv)
  6 large abominations
  2 ice beasts
  17 ogres
  8 phantoms
  6 eyes of draining
  2 swamp dragon zombies (Swamp:4)
  9 boggarts
  11 centaurs
  A necrophage (D:9)
  11 wolves
  10 crocodiles
  A big kobold (D:7)
  19 bullfrogs
  An earth elemental (Elf:2)
  2 scorpions
  Dowan (D:7)
  13 killer bees
  An elephant simulacrum (IceCv)
  9 wights
  5 electric eels
  4 knights
  6 crimson imps
  4 lava snakes (Volcano)
  2 centaur zombies
  2 quasits
  A draconian simulacrum (IceCv)
  A bullfrog zombie (D:12)
  3 bullfrog skeletons
  7 hounds
  17 orc wizards
  30 orc priests
  A gnoll shaman (D:5)
  3 iron imps
  Jessica (D:3)
  An iguana (D:7)
  2 spectral swamp drakes (Swamp:4)
  A killer bee zombie (D:6)
  3 troll simulacra (IceCv)
  8 worker ants
  A wolf simulacrum (IceCv)
  A centaur simulacrum (IceCv)
  A hound zombie (D:11)
  Robin (D:2)
  7 gnolls
  A swamp drake zombie (Swamp:4)
  12 adders
  5 naga simulacra (IceCv)
  8 shadow imps
  8 white imps
  6 ufetubi
  2 oozes
  4 worms
  3 dart slugs (D:2)
  4 leopard geckos
  103 orcs
  3 giant cockroaches
  21 goblins
  12 hobgoblins
  A jackal (D:9)
  3 quokkas
  4 ball pythons
  11 bats
  A frilled lizard (D:3)
  11 kobolds
  A leopard gecko skeleton (D:4)
  10 rats
  2 fungi
  3 plants (Lair:6)
  5 starspawn tentacles
1928 creatures vanquished.

Vanquished Creatures (collateral kills)
  the Royal Jelly (Slime:5)
  An orb of fire (Zot:5)
  A juggernaut (Depths:4)
  A Killer Klown (Zot:5)
  A caustic shrike (Depths:4)
  2 golden dragons
  Nikola (Elf:2)
  A bone dragon (Swamp:4)
  A lich (Depths:5)
  Rupert (Orc:2)
  3 tentacled monstrosities
  2 titans (Vaults:5)
  7 Orb Guardians (Zot:5)
  A deep elf blademaster (Elf:3)
  14 acid blobs
  A quicksilver dragon (Zot:5)
  A sphinx (Vaults:3)
  3 tentacled starspawn
  2 death cobs
  10 storm dragons
  6 shadow dragons
  A draconian monk (Zot:4)
  A nagaraja (Abyss:3)
  7 azure jellies
  3 frost giants
  2 draconian knights
  4 fire giants
  An emperor scorpion (Spider:4)
  An iron dragon (Depths:4)
  3 deep elf sorcerers (Elf:3)
  3 vault wardens
  A draconian shifter (Depths:5)
  A draconian stormcaller (Zot:4)
  2 deep elf elementalists (Elf:3)
  7 very ugly things
  5 ironheart preservers
  7 green draconians
  3 stone giants
  An entropy weaver (Spider:2)
  A deep elf demonologist (Depths:4)
  A starcursed mass (Abyss:3)
  3 red draconians
  2 spark wasps (Depths:5)
  2 yellow draconians
  Azrael (Elf:2)
  7 purple draconians
  7 black draconians
  2 deep elf death magi
  A minotaur (Lair:1)
  A merfolk javelineer (Depths:4)
  4 ettins
  5 death oozes
  A merfolk impaler (Depths:4)
  5 fire dragons
  A deep elf high priest (Elf:3)
  6 yaktaur captains
  2 ice dragons
  3 great orbs of eyes
  6 hydras
  Erolcha (D:13)
  2 spriggan air magi
  2 shambling mangroves
  13 vault guards
  10 two-headed ogres
  2 rakshasas (Depths:1)
  A deep troll shaman (Lair:6)
  A catoblepas (Lair:6)
  A ghost crab (Swamp:4)
  5 alligators
  5 centaur warriors
  8 ogre magi
  2 death yaks (Lair:6)
  A vampire mage (Depths:5)
  2 death knights
  4 deep troll earth magi
  4 orc high priests
  6 dancing weapons
  A spriggan berserker (Depths:2)
  A tengu warrior (Depths:5)
  2 thrashing horrors
  10 deep elf knights
  A hell knight (Volcano)
  A shadow wraith (Vaults:1)
  3 wretched stars (Abyss:3)
  3 skeletal warriors
  A fire crab (shapeshifter) (D:13)
  3 unseen horrors
  A glowing orange brain (Depths:1)
  A gelid demonspawn (Depths:3)
  A wizard (Depths:3)
  10 deep trolls
  A phantasmal warrior (Vaults:3)
  A swamp dragon (Swamp:2)
  3 deep elf archers
  An ironbrand convoker (Vaults:2)
  A wolf spider zombie (D:13)
  2 spectral hydras (Swamp:4)
  A necromancer (Elf:1)
  5 harpies
  10 orb spiders
  6 orc knights
  12 wolf spiders
  4 shining eyes
  10 deep elf magi
  A worldbinder (Abyss:3)
  25 ugly things
  3 cyclopes
  A spriggan zombie (Depths:1)
  2 elephants (Lair:6)
  7 moths of wrath
  2 guardian serpents
  7 vault sentinels
  An ice statue (IceCv)
  2 eyes of devastation
  A gargoyle (D:10)
  A smoke demon (Abyss:3)
  5 spiny frogs
  22 yaktaurs
  2 rime drakes
  4 demonic crawlers
  2 komodo dragons
  A centaur skeleton (D:13)
  5 freezing wraiths
  A torpor snail (Lair:6)
  A hydra zombie (Swamp:4)
  2 anaconda simulacra (IceCv)
  A tengu conjurer (D:15)
  3 ice devils
  A swamp worm zombie (Swamp:4)
  3 ancient zymes
  8 jumping spiders
  12 hornets
  5 tyrant leeches
  6 blink frogs
  4 trolls
  2 meliai (D:13)
  40 slime creatures
  3 bog bodies
  4 raiju (Abyss:3)
  An alligator zombie (Swamp:4)
  5 dream sheep (Lair:6)
  6 hippogriffs
  A shadow (D:11)
  A spriggan (D:8)
  A dire elephant simulacrum (IceCv)
  21 redbacks
  An air elemental (Abyss:3)
  10 tarantellas
  A water elemental (Depths:4)
  2 fire elementals
  23 yaks
  3 wraiths
  3 hogs (Swamp:4)
  6 humans (D:13)
  A golden eye (Slime:2)
  7 vampire mosquitoes
  3 hungry ghosts
  A basilisk (Lair:4)
  3 chaos spawn
  A naga (Abyss:3)
  4 spatial vortices (Abyss:3)
  A warg (D:15)
  An iron troll simulacrum (IceCv)
  2 swamp worms
  3 harpy simulacra (IceCv)
  8 insubstantial wisps
  3 large abominations
  A hydra simulacrum (IceCv)
  5 water moccasins
  An ogre skeleton (Vaults:1)
  4 porcupines
  2 hell hounds (Elf:2)
  14 orc warriors
  2 swamp drakes (Swamp:4)
  A black bear (shapeshifter) (Vaults:1)
  2 swamp dragon zombies (Swamp:4)
  An ice beast (D:8)
  2 phantoms
  A small abomination (Abyss:3)
  3 sky beasts
  2 ettin simulacra (IceCv)
  13 ogres
  7 eyes of draining
  9 wolves
  A boggart (Depths:2)
  A necrophage (D:8)
  10 centaurs
  3 crocodiles
  3 bullfrogs
  A wyvern zombie (D:10)
  4 earth elementals
  11 killer bees
  4 wights
  A howler monkey (D:6)
  2 electric eels
  2 crimson imps (D:6)
  2 centaur zombies
  A lava snake (Volcano)
  A bullfrog zombie (D:12)
  A quasit (Abyss:1)
  A draconian simulacrum (IceCv)
  A jelly (D:9)
  A bullfrog skeleton (D:5)
  15 orc priests
  4 hounds
  An iron imp (Abyss:1)
  An iguana (D:10)
  14 orc wizards
  7 worker ants
  2 troll simulacra (IceCv)
  A wolf simulacrum (IceCv)
  A hound skeleton (D:5)
  5 gnolls
  An adder (D:11)
  A swamp drake zombie (Swamp:4)
  A shadow imp (D:7)
  2 white imps
  2 ufetubi
  2 adder zombies (D:5)
  A leopard gecko (D:5)
  34 orcs
  2 jackals (D:9)
  A jackal skeleton (D:6)
  A jackal zombie (D:9)
  2 kobolds (D:7)
  A leopard gecko zombie (D:7)
  A quokka zombie (D:5)
  4 fungi (Lair:6)
  A lurking horror (Abyss:3)
  2 plants
  A starspawn tentacle (Abyss:3)
886 creatures vanquished.

Vanquished Creatures (others)
  An ancient lich (Vaults:5)
  A deep elf master archer (Elf:3)
  A draconian knight (Zot:3)
  A stone giant (Vaults:3)
  A red draconian (Zot:3)
  An ice dragon (Depths:3)
  6 dancing weapons
  4 deep elf archers (Elf:3)
  A deep elf mage (Elf:2)
  A hellion (Abyss:3)
  A yaktaur (Vaults:3)
  A jumping spider (Spider:2)
  A raiju (Abyss:3)
  A slime creature (Slime:5)
  A spriggan (Swamp:1)
  A redback (Spider:2)
  A phantom (Swamp:4)
  A boggart (Depths:2)
  An orc priest (D:15)
  74 knights
  3 ancestors
  2 white imps (IceCv)
  An ufetubus (IceCv)
  An orc (Vaults:4)
  3 briar patches (Swamp:4)
  10 fungi
  7 plants
  34 spectral weapons
  14 starspawn tentacles
176 creatures vanquished.

Grand Total: 2990 creatures vanquished

Notes
Turn   | Place    | Note
-------+----------+-------------------------------------------
     0 | D:1      | Anathematize the Merfolk Warper began the quest for the
                  | Orb.
     0 | D:1      | Reached XP level 1. HP: 16/16 MP: 3/3
   365 | D:1      | Reached XP level 2. HP: 22/23 MP: 5/5
   982 | D:1      | Reached XP level 3. HP: 28/28 MP: 6/6
  1094 | D:1      | Reached skill level 3 in Fighting
  1645 | D:2      | Found a faded altar of an unknown god.
  1712 | D:2      | Reached XP level 4. HP: 32/35 MP: 7/7
  2149 | D:2      | Found an iron altar of Okawaru.
  2150 | D:2      | Found a snail-covered altar of Cheibriados.
  2770 | D:2      | Found a shimmering blue altar of Sif Muna.
  2908 | D:2      | Reached XP level 5. HP: 41/41 MP: 8/8
  3856 | D:2      | Learned a level 2 spell: Blink
  3859 | D:2      | Learned a level 2 spell: Shroud of Golubria
  3930 | D:3      | Noticed Jessica
  3933 | D:3      | Killed Jessica
  3933 | D:3      | Reached skill level 1 in Polearms
  4236 | D:2      | Noticed Robin
  4246 | D:2      | Killed Robin
  4535 | D:3      | Reached XP level 6. HP: 37/48 MP: 9/9
  5147 | D:3      | Reached skill level 4 in Fighting
  5874 | D:4      | Reached skill level 5 in Dodging
  6129 | D:4      | Reached XP level 7. HP: 50/54 MP: 10/10
  6202 | D:4      | Found an opulent altar of Gozag.
  7000 | D:4      | Found a staircase to the Ecumenical Temple.
  7014 | Temple   | Entered the Ecumenical Temple
  7097 | Temple   | Became a worshipper of Hepliaklqana the Forgotten
  7344 | D:5      | Entered Level 5 of the Dungeon
  7432 | D:5      | Noticed a hungry ghost
  7465 | D:5      | Killed a hungry ghost
  7465 | D:5      | Reached skill level 5 in Polearms
  7694 | D:5      | Reached XP level 8. HP: 54/54 MP: 11/11
  7763 | D:5      | Found a burning altar of Makhleb.
  7767 | D:5      | Found a shadowy altar of Dithmenos.
  7772 | D:5      | Found a bloodstained altar of Trog.
  8017 | D:5      | Reached skill level 5 in Fighting
  8350 | D:5      | Found a shattered altar of Ashenzari.
  8997 | D:5      | Reached skill level 5 in Throwing
  9156 | D:6      | Reached * piety under Hepliaklqana
  9789 | D:6      | Reached XP level 9. HP: 62/62 MP: 12/12
  9804 | D:6      | Found a sparkling altar of Nemelex Xobeh.
 10650 | D:7      | Noticed Duvessa
 10747 | D:7      | Reached skill level 6 in Fighting
 10752 | D:7      | Found a hide-covered altar of Uskayaw.
 10762 | D:6      | Learned a level 3 spell: Confuse
 11075 | D:7      | Noticed Dowan
 11214 | D:7      | Killed Dowan
 11360 | D:7      | Killed Duvessa
 12591 | D:8      | Learned a level 2 spell: Swiftness
 12595 | D:8      | Reached ** piety under Hepliaklqana
 12596 | D:8      | Remembered your ancestor Propane Nightmare as a knight
 12620 | D:8      | Reached skill level 1 in Stealth
 12703 | D:8      | Reached skill level 10 in Polearms
 13035 | D:8      | Reached XP level 10. HP: 67/69 MP: 16/16
 13451 | D:8      | Reached skill level 7 in Fighting
 13771 | D:8      | Noticed a two-headed ogre
 13815 | D:8      | Killed a two-headed ogre
 13815 | D:8      | Reached skill level 5 in Spellcasting
 13954 | D:9      | Reached skill level 1 in Hexes
 14165 | D:9      | Found a glowing golden altar of the Shining One.
 14257 | D:9      | Found an iron altar of Okawaru.
 14381 | D:9      | Found a staircase to the Lair.
 14442 | D:9      | Reached XP level 11. HP: 69/77 MP: 18/18
 14590 | D:9      | Reached skill level 8 in Fighting
 14773 | D:9      | Found a shimmering altar of Xom.
 14779 | D:9      | Got a pair of slimy boots
 14840 | D:9      | Reached *** piety under Hepliaklqana
 14844 | D:9      | Noticed a two-headed ogre
 14971 | D:9      | Found a staircase to the Orcish Mines.
 14991 | D:9      | Reached skill level 5 in Stealth
 15005 | D:9      | Killed a two-headed ogre
 15124 | D:9      | Found Ugobin's Antique Armour Boutique.
 15368 | D:10     | Entered Level 10 of the Dungeon
 15420 | D:10     | Noticed a two-headed ogre
 15451 | D:10     | Killed a two-headed ogre
 15869 | D:10     | Reached skill level 10 in Dodging
 15887 | D:10     | Identified the +3 pair of boots of the Ecumenical Temple
                  | {rF++} (You found it on level 9 of the Dungeon)
 16283 | D:10     | Reached skill level 5 in Hexes
 16362 | D:10     | Noticed a two-headed ogre
 16384 | D:10     | Killed a two-headed ogre
 16637 | Lair:1   | Entered Level 1 of the Lair of Beasts
 16703 | Lair:1   | Learned a level 4 spell: Passage of Golubria
 16705 | Lair:1   | Learned a level 1 spell: Confusing Touch
 17269 | D:9      | Reached skill level 9 in Fighting
 17640 | D:9      | Reached XP level 12. HP: 78/85 MP: 7/19
 17931 | Lair:1   | Found a shadowy altar of Dithmenos.
 18117 | Lair:1   | Found a runed translucent gate.
 18123 | Lair:1   | Found a runed translucent gate.
 18124 | Lair:1   | Found a runed translucent gate.
 18124 | Lair:1   | Noticed a minotaur
 18126 | Lair:1   | Noticed Kaece's ghost (novice TeFE)
 18180 | Lair:1   | Reached **** piety under Hepliaklqana
 18369 | Lair:2   | Learned a level 3 spell: Regeneration
 18653 | Lair:2   | Noticed a five-headed hydra
 18677 | Lair:2   | Noticed an eight-headed hydra
 18948 | D:11     | Reached skill level 1 in Invocations
 19265 | D:11     | Reached skill level 1 in Charms
 20828 | D:11     | Noticed a centaur warrior
 21288 | D:11     | Killed a centaur warrior
 21357 | D:11     | Reached skill level 10 in Fighting
 21451 | D:11     | Got a slimy plate armour
 21579 | D:11     | Noticed Sonja
 21586 | D:11     | Killed Sonja
 21586 | D:11     | Reached skill level 5 in Charms
 21601 | D:11     | Noticed a two-headed ogre
 21608 | D:11     | Killed a two-headed ogre
 21608 | D:11     | Reached XP level 13. HP: 92/92 MP: 18/20
 21843 | D:11     | Reached skill level 1 in Necromancy
 23857 | Lair:3   | Reached skill level 5 in Invocations
 23867 | Lair:3   | Found a staircase to the Swamp.
 24321 | Lair:3   | Reached ***** piety under Hepliaklqana
 24410 | Lair:3   | Noticed an ice dragon
 24615 | Lair:3   | Killed an ice dragon
 24634 | Lair:3   | Got a flickering ivory ring
 24642 | Lair:3   | Got a translucent spear
 25224 | Lair:4   | Identified the ring of Doumog {rF+ rN+ Int+3 Dex+6} (You
                  | found it on level 3 of the Lair of Beasts)
 25236 | Lair:4   | Identified the +7 spear "Jiaq" {pierce, *Rage rPois Stlth+}
                  | (You found it on level 3 of the Lair of Beasts)
 25457 | Lair:4   | Found a hole to the Spider Nest.
 25871 | Lair:4   | Reached skill level 15 in Polearms
 26254 | Lair:5   | Found a shadowy altar of Dithmenos.
 26255 | Lair:5   | Reached skill level 11 in Fighting
 26685 | Lair:5   | Reached XP level 14. HP: 101/101 MP: 12/21
 27714 | D:12     | Found Ilepegge's Gadget Emporium.
 27714 | D:12     | Found Coetub's Weapon Shop.
 28222 | D:12     | Found Guxefohute's Distillery.
 28236 | D:12     | Bought a potion of heal wounds for 65 gold pieces
 28724 | D:12     | Found a roughly hewn altar of Beogh.
 29005 | D:12     | Identified the +2 dagger of Disaster {venom, Str+2 Dex+4}
 29061 | D:12     | Found Gosit's Assorted Antiques.
 29064 | D:12     | Bought a scroll of identify for 62 gold pieces
 29260 | D:13     | Found a gate to the Vaults.
 29260 | D:13     | Noticed Urug
 29489 | D:13     | Killed Urug
 30191 | D:13     | Reached ****** piety under Hepliaklqana
 30591 | D:14     | Reached skill level 12 in Fighting
 30697 | D:14     | You fall into a shaft and drop 1 floor!
 30697 | D:15     | Entered Level 15 of the Dungeon
 30997 | D:14     | Reached XP level 15. HP: 108/108 MP: 6/22
 31300 | D:14     | Found a basalt altar of Yredelemnul.
 31355 | D:14     | Found Sarphyff's Distillery.
 31591 | Orc:1    | Entered Level 1 of the Orcish Mines
 31847 | Orc:1    | Reached skill level 1 in Armour
 31911 | Orc:1    | Found Gelich's Jewellery Shoppe.
 32031 | Orc:1    | You fall into a shaft and drop 1 floor!
 32031 | Orc:2    | Entered Level 2 of the Orcish Mines
 32091 | Orc:2    | Noticed Rupert
 32105 | Orc:2    | Killed Rupert
 32186 | Orc:2    | Found a roughly hewn altar of Beogh.
 32731 | Orc:2    | Gained mutation: You are somewhat resistant to further
                  | mutation. [a neqoxec]
 33231 | Orc:2    | Found a staircase to the Elven Halls.
 33713 | Orc:2    | Found Ocoted's Book Shop.
 33713 | Orc:2    | Found Caur's Gadget Shop.
 33714 | Orc:2    | Found Zycom's Gadget Shop.
 33714 | Orc:2    | Found Ahuylerr's Antique Weapon Boutique.
 33875 | Orc:1    | Found a roughly hewn altar of Beogh.
 34081 | D:12     | Bought a scroll of enchant weapon for 232 gold pieces
 34081 | D:12     | Bought a scroll of enchant weapon for 232 gold pieces
 34091 | D:12     | Bought a scroll labeled MEWIGY NAITH for 31 gold pieces
 34128 | D:13     | Noticed Erolcha
 34140 | D:13     | Killed Erolcha
 34261 | D:15     | Identified the +6 ring mail "Zupisea" {Int+6 SInv} (You
                  | found it on level 15 of the Dungeon)
 34310 | D:15     | Found a runed translucent door.
 34310 | D:15     | Found a glowing silver altar of Zin.
 34311 | D:15     | Noticed a daeva
 34786 | D:15     | Noticed an angel
 34787 | D:15     | Found a glowing silver altar of Zin.
 34913 | D:15     | Found a staircase to the Depths.
 34945 | D:15     | Reached skill level 15 in Dodging
 35082 | D:14     | Bought a potion of agility for 68 gold pieces
 35082 | D:14     | Bought a potion of brilliance for 68 gold pieces
 35306 | Lair:6   | Entered Level 6 of the Lair of Beasts
 35389 | Lair:6   | Found a runed translucent door.
 35390 | Lair:6   | Found a viscous altar of Jiyva.
 35390 | Lair:6   | Found a staircase to the Slime Pits.
 35390 | Lair:6   | Noticed an acid blob
 35391 | Lair:6   | Noticed an acid blob
 35391 | Lair:6   | Noticed an acid blob
 35460 | Lair:6   | Reached XP level 16. HP: 95/116 MP: 19/23
 35463 | Lair:6   | Reached skill level 13 in Fighting
 35517 | Lair:6   | Reached skill level 5 in Translocations
 35524 | Lair:6   | Reached skill level 10 in Invocations
 35550 | Lair:6   | Found a dark tunnel.
 35555 | Volcano  | Entered a volcano
 35755 | Volcano  | Found a burning altar of Makhleb.
 37023 | Spider:1 | Entered Level 1 of the Spider Nest
 37171 | Swamp:1  | Entered Level 1 of the Swamp
 38299 | Swamp:2  | Reached skill level 10 in Hexes
 39051 | Swamp:2  | Reached XP level 17. HP: 124/124 MP: 13/25
 39256 | Swamp:3  | Learned a level 2 spell: Sublimation of Blood
 39717 | Swamp:3  | Identified the +4 plate armour of the Bard {rCorr Int-4
                  | Dex+7 SInv} (You found it on level 11 of the Dungeon)
 39793 | Swamp:4  | Entered Level 4 of the Swamp
 39875 | Swamp:4  | Noticed Kirke
 39905 | Swamp:4  | Killed Kirke
 40100 | Swamp:4  | Upgraded the game from 0.25-a0-167-g836c352 to
                  | 0.25-a0-178-gc9f82b1
 40274 | Swamp:4  | Reached skill level 14 in Fighting
 41379 | Swamp:4  | Noticed a bone dragon
 41404 | Swamp:4  | Killed a bone dragon
 41875 | Swamp:4  | Got a decaying rune of Zot
 42253 | Vaults:1 | Entered Level 1 of the Vaults
 42713 | Vaults:1 | Reached XP level 18. HP: 132/132 MP: 28/28
 43699 | Vaults:2 | Reached skill level 5 in Armour
 44574 | Vaults:2 | Reached skill level 15 in Fighting
 45393 | Vaults:2 | You fall into a shaft and drop 2 floors!
 46397 | Vaults:3 | Reached XP level 19. HP: 116/139 MP: 29/29
 47892 | Vaults:2 | Got a bloodstained cloak
 48563 | Vaults:3 | Found a staircase to the Crypt.
 49230 | Vaults:4 | Reached skill level 16 in Fighting
 49521 | Vaults:4 | Reached XP level 20. HP: 145/147 MP: 24/30
 50514 | Spider:1 | Reached skill level 10 in Charms
 52450 | Spider:3 | Got a slimy glass ring
 52770 | Spider:3 | Found the +15 Maxwell's patent armour {-Cast -Tele rElec
                  | MR+ rCorr}
 53195 | Spider:4 | Entered Level 4 of the Spider Nest
 54516 | Spider:4 | Got a gossamer rune of Zot
 54969 | Depths:1 | Entered Level 1 of the Depths
 55020 | D:15     | Reached skill level 10 in Stealth
 55211 | D:15     | Reached XP level 21. HP: 141/154 MP: 26/34
 55547 | Depths:1 | Found a portal to a secret trove of treasure.
 55779 | Depths:1 | Found a gateway to Hell.
 55906 | Depths:1 | Reached skill level 10 in Spellcasting
 56152 | Depths:1 | Reached skill level 15 in Invocations
 56445 | Depths:1 | Reached skill level 17 in Fighting
 56472 | Depths:1 | Identified the Grimoire of Evil Clay
 56773 | Orc:2    | Bought a book of Cantrips for 280 gold pieces
 56776 | Orc:2    | Learned a level 1 spell: Apportation
 56815 | Elf:1    | Entered Level 1 of the Elven Halls
 56900 | Elf:1    | You fall into a shaft and drop 1 floor!
 57221 | Elf:1    | Identified the +1 cloak "Hippaol" {MP+9} (You found it on
                  | level 2 of the Vaults)
 57284 | Elf:1    | Identified a scroll of acquirement
 57523 | Elf:1    | Identified the ring of Hedwent {rPois Int+5 Stlth+} (You
                  | found it on level 3 of the Spider Nest)
 57752 | Elf:1    | Identified the Compendium of Evil Rituals
 58035 | Elf:2    | Found a runed translucent gate.
 58035 | Elf:2    | Found a runed translucent gate.
 58035 | Elf:2    | Found a runed translucent gate.
 58111 | Elf:2    | Noticed Nikola
 58129 | Elf:2    | Killed Nikola
 58753 | Elf:2    | Noticed Azrael
 58829 | Elf:2    | Killed Azrael
 58842 | Elf:2    | Reached XP level 22. HP: 161/163 MP: 36/36
 59177 | Elf:3    | Entered Level 3 of the Elven Halls
 59202 | Elf:3    | Found a frozen archway.
 59203 | Elf:3    | Identified the +10 long sword of the Elven Halls {slice,
                  | rElec rC+ Str-2}
 59232 | IceCv    | Entered an ice cave
 59333 | IceCv    | Got a twisted shield
 59475 | IceCv    | Reached skill level 1 in Staves
 59793 | IceCv    | Got a flickering emerald amulet
 61297 | Elf:3    | Identified the cursed +0 longbow of the Egg {flame, Stlth+}
 61395 | Elf:3    | Identified the amulet of Ytiufo {Gourm rElec rN+ MR++
                  | Dex-3} (You found it in an ice cave)
 61537 | Elf:3    | Identified the amulet of Insomnia {Acrobat +Fly Int+7}
 61583 | Elf:3    | Identified the +3 long sword "Bit Jorch" {drain, rC+ Int-3
                  | Dex+4}
 61597 | Elf:3    | Reached skill level 5 in Staves
 61653 | Elf:3    | Learned a level 3 spell: Spectral Weapon
 61741 | Elf:3    | Learned a level 3 spell: Tukima's Dance
 61748 | Elf:3    | Learned a level 6 spell: Invisibility
 61978 | D:12     | Bought the +7 lajatang of Order {silver, rMut} for 751 gold
                  | pieces
 61978 | D:12     | Found the +7 lajatang of Order {silver, rMut}
 62019 | D:12     | Bought a scroll of enchant armour for 232 gold pieces
 62019 | D:12     | Bought a scroll of magic mapping for 108 gold pieces
 62506 | Lair:1   | Killed Kaece's ghost
 62917 | Depths:2 | Got a twitching wooden ring
 62970 | Depths:2 | Reached skill level 18 in Fighting
 62991 | Depths:2 | Learned a level 5 spell: Borgnjor's Vile Clutch
 63031 | Depths:2 | Paralysed by a floating eye for 3 turns
 63105 | Depths:2 | Got a flickering golden ring
 63171 | Depths:2 | Identified the ring of Mimaevux {MP+9 Int+5} (You found it
                  | on level 2 of the Depths)
 63211 | Depths:2 | Identified the ring of Jewn {rC+ EV+2} (You found it on
                  | level 2 of the Depths)
 63223 | Depths:2 | Found the ring of the Octopus King
 63229 | Depths:2 | Reached XP level 23. HP: 158/171 MP: 37/37
 63242 | Depths:2 | Got a ring of the Octopus King
 63244 | Depths:2 | Identified a ring of the Octopus King {AC+1 EV+1 Str+1
                  | Int+1 Dex+1 SInv} (You found it on level 2 of the Depths)
 63266 | Depths:2 | Identified the +0 shield of the Worm {Stlth+} (You found it
                  | in an ice cave)
 63285 | Depths:2 | Found Joanoodd's Jewellery Shop.
 63298 | Depths:2 | Got an ancient ruby amulet
 63299 | Depths:2 | Identified the amulet of Liberty {*Slow rN+++ MR+ Regen+
                  | Int-3} (You found it on level 2 of the Depths)
 63347 | Depths:2 | Noticed Saint Roka
 63359 | Depths:2 | Killed Saint Roka
 63440 | Depths:2 | Identified Faazxo's Compendium of the Ghastly Snowflakes
 63454 | Depths:2 | Found Munesuv's Book Boutique.
 63464 | Depths:2 | Bought a book of the Sky for 780 gold pieces
 63470 | Depths:2 | Learned a level 5 spell: Silence
 63700 | Depths:2 | Found Netwedeg's Jewellery Shoppe.
 63737 | Depths:2 | Got a clouded pewter ring
 63741 | Depths:2 | Identified the ring of the Evening {*Tele *Drain MP+9 Str+3
                  | Dex+2} (You found it on level 2 of the Depths)
 64213 | Depths:3 | Found Gozag's Assorted Antiques.
 64334 | Depths:3 | HP: 7/171 [frost giant/bolt of cold (37)]
 64480 | Depths:3 | Found an opulent altar of Gozag.
 64480 | Depths:3 | Noticed a golden dragon
 64486 | Depths:3 | Found Gozag's Antique Armour Shop.
 64491 | Depths:3 | Found Gozag's Antique Armour Boutique.
 64640 | Depths:3 | Reached skill level 1 in Earth Magic
 64649 | Depths:3 | Killed a golden dragon
 64889 | Depths:3 | Found Pyzer's Jewellery Shop.
 64889 | Depths:3 | Found Lyicepum's Gadget Emporium.
 64890 | Depths:3 | Found Zigock's Gadget Emporium.
 65137 | Depths:3 | Found a one-way gate leading to the halls of Pandemonium.
 65307 | Depths:4 | Noticed a golden dragon
 65730 | Depths:4 | Found a one-way gate to the infinite horrors of the Abyss.
 65809 | Depths:4 | Found a glowing golden altar of the Shining One.
 65819 | Depths:4 | Found a gateway to a ziggurat.
 66005 | Depths:4 | Killed a golden dragon
 66079 | Depths:4 | Reached XP level 24. HP: 118/179 MP: 16/37
 66313 | Depths:4 | Noticed a caustic shrike
 66442 | Depths:4 | Noticed a juggernaut
 66457 | Depths:4 | Killed a juggernaut
 66530 | Depths:4 | Killed a caustic shrike
 66578 | Depths:4 | Reached skill level 19 in Fighting
 66766 | Depths:4 | Found Udemora's Armour Shoppe.
 66861 | Depths:4 | Reached skill level 10 in Staves
 66979 | Depths:5 | Entered Level 5 of the Depths
 67236 | Depths:5 | Found Facyju's Armour Shoppe.
 67238 | Depths:5 | Found Reoned's Book Shoppe.
 67275 | Depths:5 | Reached skill level 5 in Earth Magic
 68103 | Depths:5 | Found a gate to the Realm of Zot.
 68238 | Depths:5 | Found Yfe Par's Food Emporium.
 68246 | Depths:5 | Found Tuat's Assorted Antiques.
 68831 | Depths:5 | Voluntarily entered the Abyss.
 68831 | Abyss:1  | Found a corrupted altar of Lugonu.
 68875 | Abyss:1  | Found a corrupted altar of Lugonu.
 68993 | Abyss:2  | Found a corrupted altar of Lugonu.
 69069 | Abyss:2  | Reached XP level 25. HP: 183/189 MP: 35/37
 69188 | Abyss:3  | Reached skill level 5 in Necromancy
 69432 | Abyss:3  | Found a corrupted altar of Lugonu.
 69636 | Abyss:3  | Reached skill level 20 in Fighting
 69753 | Abyss:3  | Got an abyssal rune of Zot
 69799 | Depths:5 | Escaped the Abyss
 69924 | Depths:1 | You showed the abyssal rune of Zot to enter a treasure
                  | trove
 69925 | Trove    | Entered a treasure trove
 69968 | Trove    | Got a heavily runed crystal amulet
 70039 | Depths:1 | Identified the amulet of the Illusory Stars {Reflect rC++
                  | rN+ MR- SH+3 SInv} (You found it in a treasure trove)
 70282 | Vaults:5 | Entered Level 5 of the Vaults
 70619 | Vaults:5 | Reached skill level 15 in Stealth
 71030 | Vaults:5 | Reached XP level 26. HP: 197/197 MP: 32/37
 71197 | Vaults:5 | Found Atyjabo's Food Emporium.
 71231 | Vaults:5 | Got a silver rune of Zot
 71239 | Vaults:5 | Found Nauming's Distillery.
 71246 | Vaults:5 | Bought a potion of haste for 160 gold pieces
 71246 | Vaults:5 | Bought a potion of haste for 160 gold pieces
 71246 | Vaults:5 | Bought a potion of curing for 48 gold pieces
 71246 | Vaults:5 | Bought a potion of curing for 48 gold pieces
 71246 | Vaults:5 | Bought 2 potions of might for 128 gold pieces
 71246 | Vaults:5 | Bought a potion of berserk rage for 80 gold pieces
 71274 | Vaults:5 | Found Sovep's Distillery.
 71279 | Vaults:5 | Bought a potion of heal wounds for 85 gold pieces
 71279 | Vaults:5 | Bought a potion of brilliance for 68 gold pieces
 71279 | Vaults:5 | Bought a potion of agility for 68 gold pieces
 71279 | Vaults:5 | Bought a potion of heal wounds for 85 gold pieces
 71279 | Vaults:5 | Bought a potion of brilliance for 68 gold pieces
 71279 | Vaults:5 | Bought a potion of curing for 51 gold pieces
 71481 | Vaults:5 | Reached skill level 10 in Earth Magic
 71582 | Vaults:5 | Identified the ring of Ciutaer {-Tele rCorr Str+7}
 71974 | Vaults:5 | Noticed an ancient lich
 71987 | Vaults:5 | Killed an ancient lich
 71996 | Vaults:5 | Identified the amulet "Toneirig" {+Rage rC+ Str+3 Int+2}
                  | (You found it on level 5 of the Vaults)
 72045 | Vaults:5 | Identified the Almanac of Lethal Transformation
 72758 | Slime:1  | Entered Level 1 of the Pits of Slime
 73580 | Slime:4  | Reached skill level 21 in Fighting
 73638 | Slime:4  | Reached skill level 1 in Air Magic
 73773 | Slime:3  | Noticed Dissolution
 73807 | Slime:5  | Entered Level 5 of the Pits of Slime
 73817 | Slime:5  | Gained mutation: Your magical capacity is low. (-10% MP) [a
                  | shining eye]
 74122 | Slime:5  | Reached XP level 27. HP: 120/205 MP: 26/33
 74757 | Slime:5  | Found a viscous altar of Jiyva.
 74758 | Slime:5  | Noticed the Royal Jelly
 74810 | Slime:5  | Killed the Royal Jelly
 74810 | Slime:5  | Reached skill level 5 in Air Magic
 75153 | Slime:5  | Got a slimy rune of Zot
 75672 | Zot:1    | Entered Level 1 of the Realm of Zot
 76045 | Zot:1    | Learned a level 4 spell: Leda's Liquefaction
 76515 | Zot:1    | Identified the Almanac of the Battered Planets (You
                  | acquired it on level 1 of the Realm of Zot)
 76517 | Zot:1    | Upgraded the game from 0.25-a0-178-gc9f82b1 to
                  | 0.25-a0-185-g6cfeca7
 77254 | Zot:2    | Reached skill level 10 in Necromancy
 77777 | Zot:3    | Reached skill level 22 in Fighting
 77801 | Zot:2    | Learned a level 6 spell: Statue Form
 77808 | Zot:2    | Identified the +1 glaive "Orb Guardian's Curse" {vamp, MP-9
                  | Dex+6} (You acquired it on level 2 of the Realm of Zot)
 77823 | Zot:3    | Reached skill level 1 in Transmutations
 78230 | Zot:3    | Reached skill level 5 in Transmutations
 79235 | Zot:4    | Found Xyfomun's Changing Room.
 79733 | Zot:4    | Reached skill level 10 in Transmutations
 80077 | Zot:4    | Learned a level 2 spell: Sublimation of Blood
 80078 | Zot:5    | Entered Level 5 of the Realm of Zot
 80221 | Zot:4    | Bought the Collected Works on Moulding for 926 gold pieces
 80225 | Zot:4    | Learned a level 2 spell: Passwall
 80975 | Zot:5    | Noticed an orb of fire
 81147 | Zot:5    | Killed an orb of fire
 81162 | Zot:5    | Reached skill level 23 in Fighting
 81222 | Zot:5    | Noticed an orb of fire
 81240 | Zot:5    | Killed an orb of fire
 81675 | Zot:5    | Noticed an orb of fire
 81686 | Zot:5    | Noticed an ancient lich
 81689 | Zot:5    | Killed an orb of fire
 81704 | Zot:5    | Killed an ancient lich
 81808 | Zot:5    | Noticed an ancient lich
 81827 | Zot:5    | Killed an ancient lich
 82124 | Zot:5    | Noticed an orb of fire
 82364 | Zot:5    | Killed an orb of fire
 82393 | Zot:5    | Noticed an ancient lich
 82403 | Zot:5    | Killed an ancient lich
 82709 | Zot:5    | Reached skill level 24 in Fighting
 83258 | Zot:5    | Got the Orb of Zot
 83540 | D:13     | Noticed Paociop the pandemonium lord
 83546 | D:13     | Killed Paociop the pandemonium lord
 83900 | D:$      | Escaped with the Orb!

Levels and vault maps discovered:
D:1:      sevenhm_arrival_forest_fort_large_2, layout_basic, minmay_3d_cube
D:2:      layout_basic, lemuel_doored_altar, gammafunk_temple_overflow_statue,
          chequers_ecumenical_altar_simple, uniq_robin
D:3:      layout_loops_ring, uniq_jessica
D:4:      corexii_shack_village, layout_basic, grunt_gozag_breadcrumbs,
          minmay_temple_entry_gardened_gates
D:5:      layout_basic, lemuel_round_altar, minitemple, first_ration
D:6:      layout_cave_pools, lemuel_round_altar
D:7:      layout_cave_pods, eat_drink_and_be_merry_uskayaw, uniq_duvessa
D:8:      layout_gridville, the_bakery
D:9:      layout_long_grid, overflow_temple_1_default, marbit_many_paths,
          erik_lair_island, david_orc_2, serial_shops,
          nicolae_shop_temple_entry_statues_fountains, okawaru_metal_pillars_3
D:10:     layout_irregular_city, wad_mini_maze
D:11:     minmay_the_grid_triangle_9x9_rhombus_thin_mashed
          [minmay_the_grid_triangle_9x9_impossible_snake,
          minmay_the_grid_triangle_9x9_prize_center,
          minmay_the_grid_triangle_9x9_minimal,
          minmay_the_grid_triangle_9x9_thin_v], layout_grid_maze,
          evilmike_butchery, uniq_sonja
D:12:     layout_roguey [special_room_orc], serial_shops, shop_statue, shop,
          kennysheep_mini, shop, hangedman_decor_riveting, due_unseen_surprise
D:13:     layout_loops_cross, david_vaults_3, uniq_erolcha
D:14:     layout_basic, serial_shops, nicolae_shop_crystal, basic_altar
D:15:     grunt_enter_depths_snipers, layout_basic, zin_angel,
          lemuel_angel_altar
Temple:   cyrus_temple_forest
Lair:1:   layout_hall_layers, basic_altar, maelrawn_ghost_gauntlet_escape,
          chequers_serial_rivers_small_3
Lair:2:   layout_roguey
Lair:3:   dragon1_lemuel, layout_chaotic_city, skrybe_swamp_entry_bodies,
          lemuel_fruit_tree
Lair:4:   layout_regular_city, spider_nest_entry_web_field, pond
Lair:5:   layout_roguey, serial_forest, infiniplex_forest_lined_3,
          infiniplex_forest_pool, infiniplex_forest_3_way,
          infiniplex_forest_corner_2, infiniplex_forest_corner_1,
          infiniplex_forest_lined_1, infiniplex_forest_clump_small, basic_altar,
          minmay_stone_trees_large, beast_lair_carwin_6
Lair:6:   grunt_lair_end_beastmaster, layout_misc_corridors, slime_altar_2,
          enter_volcano_4, grunt_forest_small_clearings,
          minmay_lair_oklob_chamber
Swamp:1:  layout_basic_swamp, evilmike_swamp_ruin_house_2, swamp_pool1
Swamp:2:  layout_basic_swamp, hangedman_swamp_ruin_hall, swamp_pool1,
          nicolae_swamp_fairy_circle
Swamp:3:  layout_basic_swamp, evilmike_swamp_ruin_house_1,
          infiniplex_staircase_pool
Swamp:4:  swamp_pestilence, layout_basic_swamp, uniq_kirke
Spider:1: layout_spider_delve
Spider:2: layout_chambers
Spider:3: layout_chambers
Spider:4: spider_rune_water, guppyfry_spider_mini_1
Slime:1:  layout_caves
Slime:2:  layout_caves
Slime:3:  layout_caves, uniq_dissolution
Slime:4:  layout_caves
Slime:5
Orc:1:    layout_caves, serial_shops, nicolae_shop_trees,
          nicolae_orc_lost_temple
Orc:2:    st_orc_pillars, layout_diamond_mine, nicolae_orc_damp_corner,
          mines2_david, uniq_rupert
Elf:1:    eino_elf_arrival_sip, layout_geoelf_octagon, minmay_elf_necromancy,
          kilobyte_rumbling_trees
Elf:2:    layout_gridlike, uniq_azrael, uniq_nikola
Elf:3:    elf_hall_gauntlet_wide, layout_geoelf_grid,
          portal_ice_cave_entry_pillars_three, nicolae_elf_w_pinch,
          dk_noncrumbling_4
Vaults:1: v_misc_33, nicolae_vaults_yaktaur_gun_rack, v_misc_16,
          hangedman_vaults_unwind, vaults_room_fancy_cross, v_misc_17,
          v_alt_pattern_2, v_misc_14, v_misc_14, vaults_room_grid, v_misc_29,
          vaults_room_stairs_pillars, nicolae_vaults_network_s,
          layout_vaults_omnibox
Vaults:2: v_rooms_2, ontoclasm_vaults_ring_large, hangedman_vaults_variations,
          nicolae_vaults_mini_display_case, nicolae_vaults_three_branches,
          vaults_room_semicircle, nicolae_vaults_little_squares_1,
          ontoclasm_vaults_chip, hangedman_vaults_nodes,
          ontoclasm_vaults_loading_screen, vaults_dpeg_hooks,
          ontoclasm_vaults_idyll, st_check, grunt_vaults_hallway_short,
          grunt_vaults_hallway_short, layout_vaults_big_cross
Vaults:3: vaults_mumra_minichess_inversion, st_lattice,
          nicolae_vaults_ring_of_whatevers, nicolae_vaults_little_squares_5,
          vaults_mumra_hexcomb, nicolae_vaults_ring_of_whatevers,
          nicolae_vaults_ring_of_whatevers, vaults_room_octagon, serial_ice_h,
          nicolae_vaults_big_ls, hangedman_vaults_corner_blocks,
          grunt_vaults_funnel, v_misc_27, nicolae_vaults_asterisk,
          ontoclasm_vaults_gateway, vaults_room_door_hall, layout_vaults_ring,
          blue_anna_dwarven_crypt
Vaults:4: nicolae_vaults_little_squares_3, v_alt_pattern_4,
          nicolae_vaults_ring_of_whatevers, nicolae_vaults_network_quinsquares
          [nicolae_vaults_network_quincunx_subvault,
          nicolae_vaults_network_quincunx_subvault,
          nicolae_vaults_network_quincunx_subvault,
          nicolae_vaults_network_quincunx_subvault], vaults_room_stairs_pillars,
          layout_vaults_quadrants
Vaults:5
Depths:1: minmay_octagon_keep, layout_cave_pools, nicolae_trove_entry_columns,
          chequers_serial_rivers_marsh, hell_entry, nicolae_benzene_ring,
          chequers_jeans, kennysheep_small_square
Depths:2: hangedman_spin_cycle, hell_entry
Depths:3: kennysheep_gozag_temple, layout_gridlike, hell_entry,
          infiniplex_staircase_river, grunt_pan_entry_spiral,
          minmay_misc_feat_cross, minmay_shop_grove
Depths:4: minmay_crescents, layout_basic, enter_ziggurat_f, serial_shops,
          shop_statue, hell_entry, abyss_entry, tso_metal_star,
          infiniplex_staircase_spiral
Depths:5: grunt_zot_entry_funnels, layout_basic, serial_shops,
          nicolae_shop_stone, shop, nicolae_shop_overgrown_old_shop, shop,
          bh_walls_and_bars, hell_entry, abyss_entry,
          hangedman_decor_peaks_small
Zot:1:    layout_onion_interference, grunt_megastairs_5
Zot:2:    layout_twisted_circle
Zot:3:    layout_cathedral_of_symmetry
Zot:4:    layout_twisted_circle, nicolae_transmutations_shop
Zot:5:    layout_concentric_octagons, lemuel_baited_zot_trap, st_stairs_9

Skill      XL: |  1  2  3  4  5  6  7  8  9 10 11 12 13 14 15 16 17 18 19 20 21 22 23 24 25 26 27 |
---------------+----------------------------------------------------------------------------------+-----
Dodging        | 3 4 5 6 7 9 10 11 12 14 15 16 17 18 19 20 21 22 23 | 23.1
Fighting       | 3 4 5 6 7 9 10 11 12 13 14 15 16 17 18 19 20 21 24 | 24.2
Throwing       | 2 3 4 5 6 |  6.0
Polearms       | 1 3 5 7 10 11 13 14 15 16 17 18 19 | 19.9
Translocations | 3 4 5 6 7 |  7.0
Spellcasting   | 4 5 7 9 10 11 | 11.0
Stealth        | 1 4 6 8 10 11 12 14 15 16 20 | 20.0
Hexes          | 2 6 7 8 10 11 12 | 12.5
Invocations    | 4 6 8 9 11 12 13 14 15 16 17 20 | 20.4
Charms         | 5 6 8 9 10 | 10.0
Necromancy     | 4 8 10 | 10.0
Armour         | 4 6 7 |  7.0
Staves         | 6 9 11 | 11.7
Earth Magic    | 3 5 9 12 | 12.5
Air Magic      | 2 5 |  5.2
Transmutations | 12 | 12.6
Axes           | |  1.5

Action                   |  1- 3 |  4- 6 |  7- 9 | 10-12 | 13-15 | 16-18 | 19-21 | 22-24 | 25-27 || total
-------------------------+-------+-------+-------+-------+-------+-------+-------+-------+-------++-------
Melee: Hand axe          |    94 |   106 |       |       |       |       |       |       |       ||   200
       Spear             |       |   165 |   549 |   267 |   124 |       |       |       |       ||  1105
       Glaive            |       |       |       |   357 |  1124 |  1328 |  1410 |  1142 |  1341 ||  6702
       Tailslap          |       |       |       |       |       |    27 |     5 |     9 |       ||    41
       Lajatang          |       |       |       |       |       |       |       |    48 |   255 ||   303
Throw: Dart              |    14 |    76 |    47 |    29 |       |       |     7 |     1 |       ||   174
       Boomerang         |     5 |       |     1 |       |    33 |       |     4 |       |       ||    43
       Stone             |       |       |     1 |       |       |       |       |       |       ||     1
 Cast: Blink             |       |       |     3 |    36 |    31 |     1 |     1 |     2 |     4 ||    78
       Confuse           |       |       |       |    34 |   209 |   140 |   203 |    27 |    51 ||   664
       Confusing Touch   |       |       |       |    33 |    68 |    58 |    73 |    18 |    19 ||   269
       Regeneration      |       |       |       |     1 |    51 |    71 |    97 |   158 |   193 ||   571
       Shroud of Golubri |       |       |       |       |     6 |    18 |    62 |   120 |   120 ||   326
       Sublimation of Bl |       |       |       |       |       |     5 |    10 |    10 |    50 ||    75
       Passage of Golubr |       |       |       |       |       |       |    10 |     6 |     5 ||    21
       Spectral Weapon   |       |       |       |       |       |       |       |    55 |    80 ||   135
       Invisibility      |       |       |       |       |       |       |       |     2 |     9 ||    11
       Tukima's Dance    |       |       |       |       |       |       |       |    12 |    40 ||    52
       Borgnjor's Vile C |       |       |       |       |       |       |       |     4 |    95 ||    99
       Apportation       |       |       |       |       |       |       |       |     6 |    18 ||    24
       Statue Form       |       |       |       |       |       |       |       |       |     9 ||     9
       Passwall          |       |       |       |       |       |       |       |       |     9 ||     9
       Swiftness         |       |       |       |       |       |       |       |       |     4 ||     4
       Leda's Liquefacti |       |       |       |       |       |       |       |       |     3 ||     3
Invok: Recall Ancestor   |       |       |    13 |    21 |    24 |    17 |    13 |    21 |    28 ||   137
       Ancestor Identity |       |       |     1 |       |       |       |       |       |       ||     1
       Ancestor Life: Kn |       |       |     1 |       |       |       |       |       |       ||     1
       Idealise          |       |       |       |       |     3 |    13 |     1 |     3 |    10 ||    30
       Transference      |       |       |       |       |       |       |       |     4 |       ||     4
 Abil: End Transformatio |       |       |       |       |       |       |       |       |     4 ||     4
Evoke: Wand              |       |       |       |     9 |     1 |       |     3 |     2 |    13 ||    28
       Lamp of fire      |       |       |       |       |       |     1 |       |       |       ||     1
  Use: Scroll            |       |     2 |    15 |     5 |    23 |     8 |     6 |    15 |    21 ||    95
       Potion            |       |       |     5 |     1 |     7 |     1 |     1 |     3 |    13 ||    31
 Stab: Distracted        |       |       |     8 |     5 |    18 |    18 |    25 |    28 |    56 ||   158
       Sleeping          |       |       |     1 |    12 |    24 |    13 |    29 |    44 |    28 ||   151
       Confused          |       |       |       |    34 |   147 |   112 |   158 |    30 |    42 ||   523
       Held in net/web   |       |       |       |       |       |       |     1 |       |       ||     1
       Invisible         |       |       |       |       |       |       |       |     9 |    39 ||    48
  Eat: Chunk             |     2 |    15 |    14 |    18 |    51 |    30 |    40 |    48 |    57 ||   275
       Ration            |       |       |     2 |     4 |     4 |     3 |     2 |     2 |     5 ||    22
Armor: Leather armour    |     5 |       |    11 |    52 |   107 |       |       |       |       ||   175
       Ring mail         |    46 |    58 |       |       |    15 |   158 |   232 |   197 |   271 ||   977
       Scale mail        |       |    20 |   110 |       |       |       |       |       |       ||   130
       Skin              |       |       |       |       |       |       |       |       |    41 ||    41
Dodge: Dodged            |    72 |   153 |   213 |   236 |   491 |   555 |   943 |   658 |  1109 ||  4430

Table legend:
 A = Non-vault XP
 B = Vault XP
 C = Vault XP percentage of total XP
 D = Non-vault monster count
 E = Vault monster count
 F = Vault count percentage of total count
                 A         B        C        D         E       F
            +---------+---------+-------+---------+---------+-------
      Total |  993883 |  799974 |  44.6 |    1855 |     921 |  33.2
            +---------+---------+-------+---------+---------+-------
        D:1 |      70 |       6 |   7.9 |      25 |       4 |  13.8
        D:2 |     207 |      32 |  13.4 |      31 |      10 |  24.4
        D:3 |     126 |      37 |  22.7 |      17 |       1 |   5.6
        D:4 |     337 |      23 |   6.4 |      13 |      11 |  45.8
        D:5 |    1126 |       0 |   0.0 |      38 |       0 |   0.0
        D:6 |    1096 |       0 |   0.0 |      17 |       0 |   0.0
        D:7 |     878 |     222 |  20.2 |      31 |       2 |   6.1
        D:8 |    4051 |     220 |   5.2 |      31 |       1 |   3.1
        D:9 |    5201 |    1018 |  16.4 |      47 |      13 |  21.7
       D:10 |    6434 |     455 |   6.6 |      32 |       3 |   8.6
       D:11 |    8177 |    5056 |  38.2 |      28 |      15 |  34.9
       D:12 |    7031 |    2586 |  26.9 |      44 |      24 |  35.3
       D:13 |    7937 |    6727 |  45.9 |      46 |      20 |  30.3
       D:14 |    7396 |       0 |   0.0 |      26 |       0 |   0.0
       D:15 |   21502 |    2447 |  10.2 |      49 |       3 |   5.8
     Lair:1 |     920 |    2392 |  72.2 |       5 |       4 |  44.4
     Lair:2 |    3714 |       0 |   0.0 |      12 |       0 |   0.0
     Lair:3 |    4791 |    1287 |  21.2 |      22 |       2 |   8.3
     Lair:4 |   10253 |    1228 |  10.7 |      33 |       7 |  17.5
     Lair:5 |    6392 |    1387 |  17.8 |      27 |       4 |  12.9
     Lair:6 |   26318 |   17602 |  40.1 |      70 |      25 |  26.3
    Swamp:1 |   13780 |       0 |   0.0 |      38 |       0 |   0.0
    Swamp:2 |   12694 |       0 |   0.0 |      31 |       0 |   0.0
    Swamp:3 |    1662 |       0 |   0.0 |       8 |       0 |   0.0
    Swamp:4 |   20657 |   18006 |  46.6 |      44 |      49 |  52.7
   Spider:1 |   12907 |       0 |   0.0 |      36 |       0 |   0.0
   Spider:2 |   15406 |       0 |   0.0 |      46 |       0 |   0.0
   Spider:3 |    8267 |       0 |   0.0 |      27 |       0 |   0.0
   Spider:4 |   12941 |   25388 |  66.2 |      41 |      54 |  56.8
    Slime:1 |   10545 |       0 |   0.0 |      17 |       0 |   0.0
    Slime:2 |   15835 |       0 |   0.0 |      23 |       0 |   0.0
    Slime:3 |   15191 |       0 |   0.0 |      16 |       0 |   0.0
    Slime:4 |   26201 |       0 |   0.0 |      49 |       0 |   0.0
    Slime:5 |   15551 |   35701 |  69.7 |      33 |      15 |  31.2
      Orc:1 |    1681 |       0 |   0.0 |      24 |       0 |   0.0
      Orc:2 |    3942 |   14649 |  78.8 |      33 |      63 |  65.6
      Elf:1 |    9978 |    7851 |  44.0 |      17 |      16 |  48.5
      Elf:2 |   17694 |   30615 |  63.4 |      26 |      40 |  60.6
      Elf:3 |   21578 |   40006 |  65.0 |      38 |      25 |  39.7
   Vaults:1 |   19906 |   18526 |  48.2 |      42 |      29 |  40.8
   Vaults:2 |   34929 |   25007 |  41.7 |      61 |      38 |  38.4
   Vaults:3 |   19523 |   39084 |  66.7 |      30 |      52 |  63.4
   Vaults:4 |   21408 |    1672 |   7.2 |      38 |       2 |   5.0
   Vaults:5 |   24055 |  133841 |  84.8 |      30 |      92 |  75.4
   Depths:1 |   35359 |   10063 |  22.2 |      52 |      12 |  18.8
   Depths:2 |     282 |   56184 |  99.5 |       1 |      84 |  98.8
   Depths:3 |   47767 |   16541 |  25.7 |      48 |      23 |  32.4
   Depths:4 |   43040 |   39711 |  48.0 |      42 |      19 |  31.1
   Depths:5 |   49404 |   21956 |  30.8 |      62 |      13 |  17.3
      Zot:1 |   46962 |   13865 |  22.8 |      31 |      10 |  24.4
      Zot:2 |   46769 |       0 |   0.0 |      28 |       0 |   0.0
      Zot:3 |   54566 |       0 |   0.0 |      34 |       0 |   0.0
      Zot:4 |   85707 |    3480 |   3.9 |      48 |       2 |   4.0
      Zot:5 |   52967 |  177962 |  77.1 |      29 |      46 |  61.3
    Abyss:1 |    7207 |     876 |  10.8 |      11 |       2 |  15.4
    Abyss:2 |     837 |       0 |   0.0 |       1 |       0 |   0.0
    Abyss:3 |   42728 |   13094 |  23.5 |      76 |      16 |  17.4
      IceCv |       0 |    9384 | 100.0 |       0 |      56 | 100.0
    Volcano |       0 |    3787 | 100.0 |       0 |      14 | 100.0
            +---------+---------+-------+---------+---------+-------
